 Dungeon Crawl Stone Soup version 0.28-a0-883-gc8d7bad45d (webtiles) character file.

Game seed: 4512307251720389724

130 horus123 the Conjurer (level 4, -1/24 HPs)
             Began as a Deep Elf Conjurer on Nov 21, 2021.
             Slain by a bullfrog (5 damage)
             ... on level 3 of the Dungeon.
             The game lasted 00:07:29 (3224 turns).

horus123 the Conjurer (Deep Elf Conjurer)           Turns: 3224, Time: 00:07:29

Health: -1/24      AC:  3    Str:  4    XL:     4   Next: 89%
Magic:  7/12       EV: 12    Int: 24    God:
Gold:   90         SH:  0    Dex: 13    Spells: 5/11 levels left

rFire   . . .      SeeInvis .   f - +3 dagger (protect)
rCold   . . .      Faith    .   (no shield)
rNeg    . . .      Spirit   .   a - +0 robe
rPois   .          Reflect  .   (no helmet)
rElec   .          Harm     .   (no cloak)
rCorr   .          Rampage  .   (no gloves)
Will    .....                   b - +0 pair of boots
Stlth   ++........              (no amulet)
HPRegen 0.08/turn               (no ring)
MPRegen 0.13/turn               (no ring)

@: no status effects
A: no striking features
a: no special abilities


You were on level 3 of the Dungeon.
You visited 1 branch of the dungeon, and saw 3 of its levels.

You collected 90 gold pieces.

Inventory:

Hand Weapons
 f - a +3 dagger of protection (weapon)
Armour
 a - a +0 robe (worn)
 b - a +0 pair of boots (worn)
Jewellery
 l - an amulet of magic regeneration
Scrolls
 h - 5 scrolls of identify
 i - a scroll of blinking {unknown}
 j - a scroll of silence {unknown}
 k - a scroll of enchant armour {unknown}
 m - a scroll of fear {unknown}
Potions
 c - a potion of might
 d - a potion of mutation {unknown}
 e - 2 potions of magic
 g - a potion of curing {unknown}


   Skills:
 - Level 2.4 Dodging
 - Level 2.4 Stealth
 - Level 4.0 Spellcasting
 + Level 6.5 Conjurations


You had 5 spell levels left.
You knew the following spells:

 Your Spells              Type           Power      Damage    Failure   Level
a - Magic Dart            Conj           100%       1d8       1%          1
b - Searing Ray           Conj           72%        2d7       1%          2
c - Dazzling Flash        Conj/Hex       40%        N/A       8%          3

Your spell library contained the following spells:

 Spells                   Type           Power      Damage    Failure   Level
 Foxfire                  Conj/Fire      80%        2x1d8     2%          1
 Static Discharge         Conj/Air       20%        N/A       3%          2
 Conjure Flame            Conj/Fire      20%        6-21      8%          3
 Iskenderun's Battlesphe  Conj           36%        2d9       19%         5
 Flame Wave               Conj/Fire      20%        3d6       26%         4
 Fulminant Prism          Conj/Hex       10%        3d9       26%         4
 Iskenderun's Mystic Bla  Conj/Tloc      20%        2d6       26%         4
 Inner Flame              Hex/Fire       4%         N/A       28%         3
 Summon Guardian Golem    Hex/Summ       4%         N/A       28%         3
 Iron Shot                Conj/Erth      10%        9d3       98%         6


Dungeon Overview and Level Annotations

Branches:
Dungeon (3/15)

Altars:
Dithmenos

Shops:
D:2 (   D:3 (

Annotations:
D:3 AmazingEquinox's ghost, weakling MiBe


Message History

Things that are here:
a +0 flail; a +0 leather armour The adder hisses angrily.
The bullfrog gives a loud, deep croak!
AmazingEquinox's ghost turns its malevolent gaze towards you.
You open the door.
Casting: Magic Dart (safe; 1% risk of failure)
Confirm with . or Enter, or press ? or * to list all spells.
Aiming: Searing Ray (safe; 1% risk of failure)
Press: ? - help, Shift-Dir - straight line, f - bullfrog
Aim: a bullfrog (76% to hit)
The searing ray hits the bullfrog!
The bullfrog is moderately wounded.
The searing ray hits the adder.
The adder is moderately wounded.
The searing ray hits AmazingEquinox's ghost.
AmazingEquinox's ghost is lightly damaged. (Press . to maintain the ray.)
The bullfrog hits you. The bullfrog barely misses you.
The searing ray misses the bullfrog.
The searing ray hits the adder.
The adder is heavily wounded.
The searing ray hits AmazingEquinox's ghost!
AmazingEquinox's ghost is moderately damaged.
The bullfrog hits you!
The searing ray hits the bullfrog!
The bullfrog is severely wounded.
The searing ray misses the adder.
The searing ray hits AmazingEquinox's ghost!
AmazingEquinox's ghost is severely damaged.
The bullfrog closely misses you. The bullfrog hits you!
* * * LOW HITPOINT WARNING * * *
The searing ray hits the bullfrog.
The bullfrog is almost dead.
The searing ray hits the adder!
You kill the adder!
The searing ray hits AmazingEquinox's ghost.
AmazingEquinox's ghost is severely damaged.
You finish channelling your searing ray.
The bullfrog hits you.
You die...

#...#### #(# #.# ..[.)..#
#.###############.# .#.##..#
#.................#
.#.##..#########################
..............#
.####..####...#####
.......####...##..##
.......#.........#######
#####.##........@F†W≈≈$≈
...##.##.........#######
......###.........## .#....#
#.........# #_#...# #.......###
.#....# #..#....# .....†#
#..#.#..# ......# #.......#
......# ##......#


You could see a bullfrog and AmazingEquinox's ghost.

Vanquished Creatures
  Natasha (twice) (D:2)
  3 adders
  A dart slug (D:2)
  An orc (D:3)
  5 endoplasms
  3 giant cockroaches
  11 goblins
  9 hobgoblins
  2 quokkas
  6 ball pythons
  2 bats
  4 frilled lizards
  3 kobolds
  5 rats
57 creatures vanquished.

Notes
Turn   | Place    | Note
-------+----------+-------------------------------------------
     0 | D:1      | horus123 the Deep Elf Conjurer began the quest for the Orb.
     0 | D:1      | Reached XP level 1. HP: 10/10 MP: 6/6
   308 | D:1      | Reached XP level 2. HP: 15/15 MP: 6/8
   368 | D:1      | Reached skill level 5 in Conjurations
   738 | D:1      | Learned a level 2 spell: Searing Ray
   774 | D:1      | Identified a scroll of acquirement
   774 | D:1      | Acquired the Tome of Arcane Weapons and Bewitchment
  1313 | D:2      | Reached XP level 3. HP: 19/19 MP: 7/10
  1359 | D:2      | Learned a level 3 spell: Dazzling Flash
  1437 | D:2      | Found Fosiup's Weapon Shop.
  1459 | D:2      | Found a shadowy altar of Dithmenos.
  1967 | D:2      | Noticed Natasha
  1971 | D:2      | Killed Natasha
  1972 | D:2      | Reached XP level 4. HP: 24/24 MP: 6/12
  2397 | D:2      | Noticed Natasha
  2401 | D:2      | Killed Natasha
  2402 | D:2      | Reached skill level 6 in Conjurations
  2449 | D:3      | Found a runed translucent door.
  2450 | D:3      | Noticed a bullfrog
  2473 | D:3      | Noticed AmazingEquinox's ghost (weakling MiBe)
  2532 | D:3      | Found a faded altar of an unknown god.
  3013 | D:3      | Found Setzown's Antique Weapon Boutique.
  3224 | D:3      | Slain by a bullfrog

Illustrated notes

Levels and vault maps discovered:
D:1:      psy_arrival_spokes, layout_loops_corners
D:2:      layout_basic, serial_shops, shop, basic_altar, minmay_misc_feat_cross,
          uniq_natasha
D:3:      layout_loops_cross, ebering_ecumenical_altar_rust, serial_shops,
          nicolae_square_shop, ebering_ghost_sewer_d

Skill      XL: |  1  2  3  4 |
---------------+-------------+-----
Conjurations   | 5 6 |  6.5
Spellcasting   | 4 |  4.0
Dodging        | |  2.4
Stealth        | |  2.4

Action                   |  1- 3 |  4- 6 || total
-------------------------+-------+-------++-------
Melee: Dagger            |    15 |       ||    15
 Cast: Magic Dart        |    51 |    38 ||    89
       Searing Ray       |     1 |     3 ||     4
  Use: Scroll            |     5 |       ||     5
Armor: Robe              |     4 |       ||     4
Dodge: Dodged            |     8 |     2 ||    10

Table legend: (Time is in decaauts)
 A = Elapsed time spent in this place.
 B = Non-inter-level travel time spent in this place.
 C = Inter-level travel time spent in this place.
 D = Time resting spent in this place.
 E = Time spent auto-exploring this place.
 F = Levels seen in this place.
 G = Mean time per level.
                   A        B        C        D        E       F      G
               +--------+--------+--------+--------+--------+-----+--------+
         Total |   3222 |   3182 |     40 |      0 |   2858 |   3 | 1074.0 |
       Dungeon |   3222 |   3182 |     40 |      0 |   2858 |   3 | 1074.0 |
               +--------+--------+--------+--------+--------+-----+--------+

Top non-repeatable levels by time:
     D:1: 1300 daAuts
     D:2: 1137 daAuts
     D:3: 784 daAuts
